 Dungeon Crawl Stone Soup version 0.22-b1-26-g9dbaab1 (webtiles) character file.

38 Goblin1989 the Charlatan (level 3, 0/26 HPs)
             Began as a Demonspawn Artificer on Aug 7, 2018.
             Succumbed to an adder's poison
             ... on level 2 of the Dungeon.
             The game lasted 00:04:27 (1583 turns).

Goblin1989 the Charlatan (Demonspawn Artificer)     Turns: 1583, Time: 00:04:28

Health: 0/26       AC:  3    Str: 12    XL:     3   Next: 25%
Magic:  0/5        EV: 12    Int: 12    God:
Gold:   48         SH:  0    Dex: 16    Spells: 2/2 levels left

rFire    . . .     SeeInvis .   a - +0 short sword
rCold    . . .     Gourm    .   (no shield)
rNeg     . . .     Faith    .   b - +0 leather armour
rPois    .         Spirit   +   (no helmet)
rElec    .         Reflect  .   (no cloak)
rCorr    .         Harm     .   (no gloves)
MR       .....                  (no boots)
Stlth    ++........             (no amulet)
HPRegen  0.08/turn              (no ring)
MPRegen  0.09/turn              (no ring)

@: lethally poisoned (0 -> -10)
A: thin skeletal structure 1, magic shield
a: no special abilities


You were on level 2 of the Dungeon.
You were not hungry.

You visited 1 branch of the dungeon, and saw 2 of its levels.

You collected 48 gold pieces.

Inventory:

Hand Weapons
 a - a +0 short sword (weapon)
Armour
 b - a +0 leather armour (worn)
Wands
 c - a wand of flame (15) {@v6}
 d - a wand of enslavement (15)
 f - a wand of random effects (15)
Scrolls
 j - 2 scrolls of remove curse {@r3}
 n - a scroll of random uselessness {unknown}
 o - a scroll of fog {unknown}
 q - a scroll of blinking {unknown}
Potions
 g - a potion of degeneration {unknown}
Comestibles
 e - 3 rations


   Skills:
 - Level 1.0 Fighting
 + Level 2.9 Short Blades
 - Level 1.7 Dodging
 - Level 0.8 Stealth
 - Level 3.0 Evocations


You had 2 spell levels left.
You didn't know any spells.
Your spell library was empty.

Dungeon Overview and Level Annotations

Branches:
Dungeon (2/15)

Altars:
Dithmenos
Gozag
Hepliaklqana
Zin
The Shining One


Innate Abilities, Weirdness & Mutations

You have a somewhat thin skeletal structure. (Dex +2, Stealth)
When hurt, damage is shared between your health and your magic reserves.


Message History

No target in view!
No target in view!
No target in view!
No target in view!
No target in view!
No target in view!
No target in view!
No target in view!
No target in view!
No target in view!
No target in view!
No target in view!
No target in view!
No target in view!
No target in view!
No target in view!
No target in view!
No target in view!
No target in view!
No target in view!
No target in view!
No target in view!
No target in view!
A leopard gecko and an adder come into view.
Found a shadowy altar of Dithmenos.
Unknown command.
Unknown command.
The leopard gecko hisses angrily.
Found an opulent altar of Gozag.
The adder hisses angrily.
The adder barely misses you. x2
You barely miss the adder. The adder closely misses you.
All of the chunks of flesh in your inventory have rotted away.
You miss the adder. The adder bites you. The leopard gecko closely misses you.
You barely miss the adder. The adder bites you. The leopard gecko misses you.
You miss the adder. The adder bites you. The leopard gecko closely misses you.
The adder bites you.
You are poisoned.
The adder poisons you!
You hit the adder.
The adder is heavily wounded.
You feel sick. The leopard gecko bites you. The adder bites you.
You take 11 damage, and have 15/26 hp.
MASSIVE DAMAGE!!
You now have 2/5 mp.
You are too injured to fight recklessly!
You are too injured to fight recklessly!
You are too injured to fight recklessly!
You are too injured to fight recklessly!
You are too injured to fight recklessly!
You are too injured to fight recklessly!
You are too injured to fight recklessly!
You are too injured to fight recklessly!
You are too injured to fight recklessly!
Unknown command.
You are too injured to fight recklessly!
You are too injured to fight recklessly!
You are too injured to fight recklessly!
You are too injured to fight recklessly!
You are too injured to fight recklessly!
You are too injured to fight recklessly!
You are too injured to fight recklessly!
Unknown command.
You closely miss the adder.
The adder is heavily wounded.
The leopard gecko bites you. The adder bites you.
* * * LOW HITPOINT WARNING * * *
You hit the adder.
The adder is heavily wounded.
You feel sick. The adder bites you.
* * * LOW HITPOINT WARNING * * *
The leopard gecko bites you but does no damage.
The adder bites you but does no damage. The leopard gecko closely misses you.
You take 10 damage, and have 5/26 hp.
MASSIVE DAMAGE!!
You now have 1/5 mp.
You miss the adder.
The adder is heavily wounded.
The adder closely misses you.
The leopard gecko completely misses you.
Unknown command.
You hit the adder.
The adder is severely wounded.
* * * LOW HITPOINT WARNING * * *
You feel sick. The adder bites you.
* * * LOW HITPOINT WARNING * * *
The leopard gecko misses you.
Unknown command.
You take 2 damage, and have 3/26 hp.
You miss the adder.
The adder is severely wounded.
The adder bites you but does no damage. The leopard gecko barely misses you.
Unknown command.
You barely miss the adder.
The adder is severely wounded.
The adder bites you.
* * * LOW HITPOINT WARNING * * *
You are more poisoned.
The adder poisons you! The leopard gecko misses you.
The adder bites you but does no damage.
You take 3 damage, and have 1/26 hp.
You now have 0/5 mp.
You hit the adder.
The adder is almost dead.
You die...

.█ █.█ █.█ .█ █.█
█.██ .█ █.█ █..█
.█ █.█ ██.█ .█
█.█ █.█ . .█ █.█
█.█ ███████.██
█S@......█
█....l....(..█
█................
█............████
█.⌂..♣..⌂...██
█..........██
.[..⌂...⌂.█.█
██........█.█


You could see an adder and a leopard gecko.

Vanquished Creatures
  An ooze (D:1)
  2 dart slugs (D:1)
  A leopard gecko (D:1)
  3 bats (D:1)
  5 goblins (D:1)
  5 hobgoblins (D:1)
  3 jackals (D:1)
  6 kobolds (D:1)
  A rat (D:1)
27 creatures vanquished.

Notes
Turn   | Place    | Note
-------+----------+-------------------------------------------
     0 | D:1      | Goblin1989 the Demonspawn Artificer began the quest for the Orb.
     0 | D:1      | Reached XP level 1. HP: 15/15 MP: 3/3
    56 | D:1      | Reached skill level 1 in Short Blades
   242 | D:1      | Gained mutation: You have a somewhat thin skeletal structure. (Dex +2, Stealth) [demonic ancestry]
   242 | D:1      | Reached XP level 2. HP: 15/21 MP: 4/4
   903 | D:1      | Gained mutation: When hurt, damage is shared between your health and your magic reserves. [demonic ancestry]
   903 | D:1      | Reached XP level 3. HP: 26/26 MP: 5/5
  1564 | D:2      | Found a glowing golden altar of the Shining One.
  1566 | D:2      | Found a glowing silver altar of Zin.
  1566 | D:2      | Found a hazy altar of Hepliaklqana.
  1567 | D:2      | Found a shadowy altar of Dithmenos.
  1568 | D:2      | Found an opulent altar of Gozag.
  1582 | D:2      | HP: 1/26 [adder (3)]
  1583 | D:2      | Succumbed to an adder's poison

Skill      XL: |  1  2 |
---------------+-------+-----
Short Blades   | 1 2 |  2.9
Fighting       | |  1.0
Dodging        | |  1.7
Stealth        | |  0.8
Evocations     | |  3.0

Action                   || total
-------------------------++-------
Melee: Short sword       ||   119
  Use: Scroll            ||     2
 Stab: Sleeping          ||     4
  Eat: Chunk             ||     2
Armor: Leather armour    ||    36
Dodge: Dodged            ||    90

Vault maps used:
D:1:      elethiomel_arrival_maze
D:2:      grunt_temple_overflow_open, uniq_crazy_yiuf_cottage, uniq_natasha
